AoeStats
← tomwilmore

Arabia

510623472Analyzed
1v1 RM · 1d ago on Oct 1, 2026· 41m 5s· 2 players
Game mode
Random Map
Map size
Tiny (2 player)
Population
200
Speed
Normal
Resources
Standard
Victory
Conquest
Starting age
Dark Age
Ending age
Imperial Age
RankedLock teamsTeams togetherTeam positionsShared explorationLock speedFull tech treeHidden civsTurbo modeCheats
Victory
Defeat
🇫🇷 Franks · France
550
+19
🇬🇧 Inca · United Kingdom
624
-33
noterre
10:02 Feudal Age
16:19 Wheelbarrow
21:48 Castle Age
21:43 Gold Mining
21:17 Man-at-Arms
23:06 Double-Bit Axe
23:10 Gambesons
24:42 Bow Saw
24:41 Squires
25:10 Scale Barding Armor
25:18 Crossbowman
25:24 Long Swordsman
26:50 Scale Mail Armor
27:58 Hand Cart
27:40 Town Watch
27:43 Loom
32:08 Gold Shaft Mining
31:35 Town Patrol
32:00 Fletching
31:59 Pikeman
32:43 Stone Mining
34:00 Chain Barding Armor
38:24 Imperial Age
36:42 Padded Archer Armor
36:38 Bodkin Arrow
36:54 Forging
36:59 Chain Mail Armor
38:06 Arson
39:05 Cavalier
40:15 Husbandry
40:42 Heavy Mounted Crossbowman
tomwilmore
9:14 Loom
12:44 Feudal Age
17:41 Castle Age
17:12 Fletching
19:43 Double-Bit Axe
19:37 Crossbowman
20:12 Horse Collar
24:26 Thumb Ring
25:05 Wheelbarrow
25:52 Bodkin Arrow
29:17 Padded Archer Armor
32:10 Hand Cart
31:42 Town Watch
32:55 Andean Sling
33:17 Heavy Plow
33:08 Gold Mining
33:17 Gold Mining
34:01 Town Patrol
35:05 Murder Holes
35:32 Ballistics
37:52 Squires
37:38 Arson
37:55 Scale Mail Armor
38:12 Leather Archer Armor
38:07 Forging
41:53 Imperial Age
40:50 Gold Shaft Mining
40:37 Chain Mail Armor
40:57 Iron Casting
Connection lost

Rejoining the realm…

Still unreachable

The connection could not be restored.

Session expired

The server has moved on; the page needs a fresh start.